 Dungeon Crawl Stone Soup version 0.25-a0-603-g0321be95db (webtiles) character file.

Game seed: 15773171376279542756, levelgen mode: deterministic

1877 An17 the Skirmisher (level 8, -8/64 HPs)
             Began as a Demonspawn Wanderer on Mar 16, 2020.
             Was an Initiate of Yredelemnul.
             Mangled by a hornet (14 damage)
             ... while paralysed by a hornet
             ... on level 7 of the Dungeon.
             The game lasted 00:18:09 (6815 turns).

An17 the Skirmisher (Demonspawn Wanderer)           Turns: 6815, Time: 00:18:09

Health: -8/64      AC:  5    Str: 22    XL:     8   Next: 91%
Magic:  8/8        EV:  2    Int: 13    God:    Yredelemnul [......]
Gold:   90         SH:  0    Dex: 12    Spells: 2/7 levels left

rFire    x . .     SeeInvis +   w - +1 scimitar of Circular Logic {drain, rF- Str+4 Int+2} (curse)
rCold    + . .     Gourm    .   (no shield)
rNeg     . . .     Faith    .   t - +2 robe {rC+}
rPois    .         Spirit   .   (helmet restricted)
rElec    .         Reflect  .   g - +0 cloak
rCorr    .         Harm     .   (no gloves)
MR       .....                  (no boots)
Stlth    +++.......             (no amulet)
HPRegen  0.20/turn              r - -3 ring of slaying (curse)
MPRegen  0.11/turn              p - ring of see invisible (curse)

@: paralysed, lethally poisoned (-8 -> -14), slowed, lightly drained
A: horns 1, nightstalker 1
a: Renounce Religion


You were on level 7 of the Dungeon.
You worshipped Yredelemnul.
Yredelemnul was noncommittal.
You were not hungry.

You visited 2 branches of the dungeon, and saw 8 of its levels.

You collected 234 gold pieces.
You spent 144 gold pieces at shops.

Inventory:

Hand Weapons
 a - a +4 short sword
 v - the +3 quarterstaff "Tuuroary" {venom, Str+4}
   (You found it on level 4 of the Dungeon)

   It poisons the flesh of those it strikes.
   It affects your strength (+4).
 w - the cursed +1 scimitar of Circular Logic (weapon) {drain, rF- Str+4 Int+2}
   (You bought it in a shop on level 4 of the Dungeon)

   A truly terrible weapon, it drains the life of those it strikes.
   It affects your strength (+4).
   It affects your intelligence (+2).
   It makes you vulnerable to fire.
   It has a curse placed upon it.
Missiles
 j - 49 poisoned darts (quivered)
Armour
 g - a +0 cloak (worn)
 t - a +2 robe of cold resistance (worn)
Jewellery
 f - an uncursed ring of fire
 i - an uncursed ring of poison resistance
 k - an uncursed ring of positive energy
 p - a cursed ring of see invisible (right hand)
 r - a cursed -3 ring of slaying (left hand)
 u - an uncursed ring of wizardry {unknown}
Wands
 d - a wand of polymorph (5)
 n - a wand of random effects (25)
Scrolls
 b - 4 scrolls of teleportation
 m - 4 scrolls of enchant armour
 x - a scroll of fog
Potions
 c - 4 potions of curing
 e - a potion of cancellation
 h - 2 potions of ambrosia {unknown}
 l - a potion of might
 o - 2 potions of berserk rage {unknown}
 q - 3 potions of brilliance
 s - 2 potions of lignification {unknown}
Comestibles
 z - a ration


   Skills:
 + Level 6.0(5.6) Fighting
 + Level 5.0(5.8) Short Blades
 + Level 5.7(6.2) Long Blades
 + Level 1.0(0.6) Throwing
 + Level 4.4(4.0) Dodging
 - Level 3.8(3.4) Stealth
 - Level 1.0(0.6) Unarmed Combat
 + Level 0.4(0.1) Necromancy
 + Level 1.0(0.6) Evocations


You had 2 spell levels left.
You knew the following spells:

 Your Spells              Type           Power        Failure   Level  Hunger
a - Animate Skeleton      Necr           N/A          30%         1    ##.....
b - Vampiric Draining     Necr           #.........   65%         3    ####...
c - Pain                  Necr           #...         30%         1    ##.....

Your spell library contained the following spells:

 Spells                   Type           Power        Failure   Level  Hunger
 Animate Dead             Necr           N/A          96%         4    #####..
 Agony                    Necr           #.......     100%        5    ######.


Dungeon Overview and Level Annotations

Branches:
Dungeon (7/15)             Temple (1/1) D:5

Altars:
Elyvilon
Hepliaklqana
Qazlal
Xom
Yredelemnul
Zin
The Shining One

Shops:
D:4 %((   D:6 !==(

Annotations:
D:3 3 runed translucent doors, Glundar's ghost, amateur DsFi


Innate Abilities, Weirdness & Mutations

You have a pair of small horns on your head.
You are slightly more attuned to the shadows.


Message History

You barely miss the hornet. Your headbutt misses the hornet.
The hornet is moderately wounded.
The hornet closely misses you. The hornet stings you!
You feel as though you will be slow longer.
The hornet stings you!
* * * LOW HITPOINT WARNING * * *
You feel as though you will be slow longer.
You hit the hornet but do no damage. Your headbutt misses the hornet.
The hornet is moderately wounded.
The hornet stings you!
* * * LOW HITPOINT WARNING * * *
You feel as though you will be slow longer.
The hornet stings you.
* * * LOW HITPOINT WARNING * * *
You are lethally poisoned!
You suddenly lose the ability to move!
* * * LOW HITPOINT WARNING * * *
You feel sick. The hornet stings you!
You die...
Your body rises from the dead as a mindless zombie.

#..#..............##.#
#..#...........#####.#
#.......######.# #.#
........######.# #.#
.............†.# #.#
....#..############.#
.. #..# #.......#
########.######.#######
.....y@......##.#
########..##.##.#######
#..## #......... ##..#
########## #..# ##)# #
#.#.# #...# #...#


You could see a hornet.

Vanquished Creatures
  Sigmund (D:6)
  Menkaure (D:6)
  An ice beast (D:5)
  A phantom (D:6)
  4 ogres
  2 bullfrogs
  A water moccasin zombie (D:6)
  2 wights (D:7)
  A howler monkey (D:5)
  5 crimson imps (D:5)
  A bullfrog zombie (D:5)
  3 hounds (D:4)
  Jessica (D:3)
  Terence (D:3)
  An iguana (D:5)
  An orc wizard (D:4)
  2 worker ants
  3 hound skeletons
  A howler monkey zombie (D:5)
  3 gnolls (D:2)
  2 worker ant zombies
  12 adders
  2 shadow imps (D:5)
  5 worms
  3 dart slugs
  5 leopard geckos
  9 orcs
  4 bats
  3 giant cockroaches
  5 hobgoblins
  14 jackals
  2 quokkas (D:2)
  A ball python (D:3)
  8 frilled lizards
  10 goblins
  A jackal zombie (D:6)
  9 kobolds
  A quokka skeleton (D:5)
  7 rats
139 creatures vanquished.

Vanquished Creatures (others)
  A rat (D:2)
1 creature vanquished.

Grand Total: 140 creatures vanquished

Notes
Turn   | Place    | Note
-------+----------+-------------------------------------------
     0 | D:1      | An17 the Demonspawn Wanderer began the quest for the Orb.
     0 | D:1      | An17 set off with the following items: a +2 short sword, a
                  | scroll of teleportation, a potion of curing, a +0 robe, a
                  | ration
     0 | D:1      | Reached XP level 1. HP: 18/18 MP: 1/1
   163 | D:1      | Gained mutation: You have a pair of small horns on your
                  | head. [demonic ancestry]
   163 | D:1      | Reached XP level 2. HP: 18/24 MP: 2/2
   869 | D:2      | Gained mutation: You are slightly more attuned to the
                  | shadows. [demonic ancestry]
   869 | D:2      | Reached XP level 3. HP: 27/30 MP: 3/3
  1112 | D:2      | Reached skill level 4 in Fighting
  1150 | D:2      | Reached XP level 4. HP: 33/37 MP: 4/4
  2289 | D:2      | Reached XP level 5. HP: 35/42 MP: 5/5
  2625 | D:3      | Reached skill level 1 in Stealth
  2657 | D:3      | Noticed Terence
  2680 | D:3      | Killed Terence
  3389 | D:3      | Noticed Jessica
  3397 | D:3      | Killed Jessica
  3493 | D:3      | Found a runed translucent gate.
  3493 | D:3      | Found a runed translucent gate.
  3493 | D:3      | Found a runed translucent gate.
  3497 | D:3      | Reached XP level 6. HP: 45/49 MP: 6/6
  3501 | D:3      | Noticed Glundar's ghost (amateur DsFi)
  3610 | D:4      | Found Addogikk's Antique Weapon Shop.
  3685 | D:4      | Found Esatz's Antique Weapon Shop.
  3757 | D:4      | Got an ichor-stained quarterstaff
  4131 | D:4      | Found a glowing silver altar of Zin.
  4184 | D:4      | Found Orid's Food Boutique.
  4190 | D:4      | Reached XP level 7. HP: 46/55 MP: 7/7
  4282 | D:4      | Bought a smoking scimitar for 144 gold pieces
  4283 | D:4      | Identified the cursed +1 scimitar of Circular Logic {drain,
                  | rF- Str+4 Int+2} (You bought it in a shop on level 4 of the
                  | Dungeon)
  4403 | D:5      | Entered Level 5 of the Dungeon
  4488 | D:5      | Learned a level 1 spell: Animate Skeleton
  4492 | D:5      | Learned a level 3 spell: Vampiric Draining
  4603 | D:5      | Found a hazy altar of Hepliaklqana.
  4649 | D:5      | Reached skill level 5 in Short Blades
  4649 | D:5      | Reached skill level 1 in Long Blades
  4653 | D:5      | Learned a level 1 spell: Pain
  4717 | D:5      | Found a basalt altar of Yredelemnul.
  4840 | D:5      | Became a worshipper of Yredelemnul the Dark
  4950 | D:5      | Identified the +3 quarterstaff "Tuuroary" {venom, Str+4}
                  | (You found it on level 4 of the Dungeon)
  4968 | D:5      | Found a shimmering altar of Xom.
  5045 | D:5      | Found a white marble altar of Elyvilon.
  5099 | D:5      | Reached skill level 5 in Fighting
  5367 | D:5      | Found a staircase to the Ecumenical Temple.
  5376 | Temple   | Entered the Ecumenical Temple
  5472 | D:5      | Reached XP level 8. HP: 61/62 MP: 8/8
  5723 | D:6      | Found Mychis's Weapon Boutique.
  5859 | D:6      | Found a stormy altar of Qazlal.
  5869 | D:6      | Noticed Menkaure
  5877 | D:6      | Killed Menkaure
  6201 | D:6      | Found Ullunae's Jewellery Shoppe.
  6369 | D:6      | Found a glowing golden altar of the Shining One.
  6369 | D:6      | Noticed Sigmund
  6380 | D:6      | Killed Sigmund
  6518 | D:6      | Found Vol Volo's Jewellery Emporium.
  6554 | D:6      | Reached skill level 5 in Long Blades
  6567 | D:6      | Found Horchohip's Distillery.
  6764 | D:7      | Reached skill level 6 in Fighting
  6774 | D:7      | Noticed a hornet
  6814 | D:7      | Paralysed by a hornet for 3 turns
  6815 | D:7      | Mangled by a hornet

Levels and vault maps discovered:
D:1:      dpeg_arrival_tiny_a, layout_basic
D:2:      layout_basic, first_ration
D:3:      minmay_general_purpose_star, layout_basic, gammafunk_ghost_necromancy,
          chequers_mini_garden, uniq_jessica, uniq_terence
D:4:      cheibrodos_helix_gallery, layout_loops_cross, zin_treasury,
          serial_shops, shop, shop, nicolae_shop_stone, minmay_stone_trees_large
D:5:      layout_gridville, kennysheep_ying_yang, led_xom_imps,
          kennysheep_little_box, minmay_temple_entry_statues_pillars,
          minmay_misc_feat_room
D:6:      layout_rooms, nicolae_tso_carved_into_rock, grunt_qazlal_clouds,
          serial_shops, nicolae_shop_statue_plus, nicolae_shop_statue_plus,
          shop, nicolae_shop_window_shopping, kennysheep_donut, chequers_garden,
          uniq_menkaure, uniq_sigmund
D:7:      layout_basic, lemuel_doored_altar, lemuel_round_altar
Temple:   corrupted_temple

Skill      XL: |  1  2  3  4  5  6  7  8 |
---------------+-------------------------+-----
Short Blades   | 2 3 4 5 |  5.0
Fighting       | 4 5 6 |  6.0
Dodging        | 2 3 4 |  4.4
Stealth        | 1 3 |  3.8
Long Blades    | 2 5 |  5.7
Throwing       | |  1.0
Unarmed Combat | |  1.0
Necromancy     | |  0.4
Evocations     | |  1.0

Action                   |  1- 3 |  4- 6 |  7- 9 || total
-------------------------+-------+-------+-------++-------
Melee: Short sword       |    95 |   220 |     8 ||   323
       Headbutt          |     8 |    25 |    44 ||    77
       Punch             |     2 |     1 |     1 ||     4
       Scimitar          |       |       |   202 ||   202
 Cast: Pain              |       |       |     2 ||     2
  Use: Scroll            |     3 |     6 |     6 ||    15
       Potion            |       |       |     2 ||     2
 Stab: Sleeping          |       |    18 |     7 ||    25
       Distracted        |       |     1 |       ||     1
  Eat: Ration            |       |     3 |     3 ||     6
Armor: Robe              |    28 |    40 |    57 ||   125
Dodge: Dodged            |    60 |   113 |   143 ||   316
       Rpst.: Scimitar   |       |       |    54 ||    54

Table legend:
 A = Non-vault XP
 B = Vault XP
 C = Vault XP percentage of total XP
 D = Non-vault monster count
 E = Vault monster count
 F = Vault count percentage of total count
                 A         B        C        D         E       F
            +---------+---------+-------+---------+---------+-------
      Total |    1974 |     708 |  26.4 |     124 |      15 |  10.8
            +---------+---------+-------+---------+---------+-------
        D:1 |      39 |       0 |   0.0 |      23 |       0 |   0.0
        D:2 |     182 |       0 |   0.0 |      35 |       0 |   0.0
        D:3 |      62 |      97 |  61.0 |      18 |       7 |  28.0
        D:4 |     376 |      14 |   3.6 |      16 |       2 |  11.1
        D:5 |     651 |     194 |  23.0 |      18 |       4 |  18.2
        D:6 |     456 |     403 |  46.9 |      11 |       2 |  15.4
        D:7 |     208 |       0 |   0.0 |       3 |       0 |   0.0
            +---------+---------+-------+---------+---------+-------
